 Dungeon Crawl Stone Soup version 0.27-a0-1278-g6cbc8dfb29 (webtiles) character file.

Game seed: 5071608652674649274

32 Zdeegee the Magician (level 3, 0/25 HPs)
             Began as a Djinni Ice Elementalist on June 13, 2021.
             Slain by an adder zombie (4 damage)
             ... on level 2 of the Dungeon.
             The game lasted 00:04:35 (2310 turns).

Zdeegee the Magician (Djinni Ice Elementalist)      Turns: 2310, Time: 00:04:36

Health: 0/25       AC:  2    Str:  7    XL:     3   Next: 42%
Gold:   73         EV: 12    Int: 17    God:
                   SH:  0    Dex: 13

rFire    + + .     SeeInvis .   e - +0 short sword
rCold    x . .     Faith    .   (no shield)
rNeg     . . .     Spirit   .   a - +0 robe
rPois    ∞         Reflect  .   (no helmet)
rElec    .         Harm     .   (no cloak)
rCorr    .         Rampage  .   (no gloves)
Will     .....                  (boots unavailable)
Stlth    ++........             (no amulet)
HPRegen  0.08/turn              (no ring)
MPRegen  0.00/turn              (no ring)

@: flying
A: sickness immunity, fire resistance 2, cold vulnerability 1, float, innate
caster, hp casting, extra vitality 1
a: no special abilities


You were on level 2 of the Dungeon.
You visited 1 branch of the dungeon, and saw 2 of its levels.

You collected 73 gold pieces.

Inventory:

Hand Weapons
 e - a +0 short sword (weapon)
Armour
 a - a +0 robe (worn)
Scrolls
 b - a scroll of enchant weapon {unknown}
 c - a scroll of blinking {unknown}
 d - a scroll of acquirement {unknown}
 f - a scroll of fog {unknown}
 h - a scroll of enchant armour {unknown}
 i - a scroll of fear {unknown}
Potions
 g - 2 potions of curing {unknown}


   Skills:
 * Level 0.2 Fighting
 * Level 2.3 Dodging
 + Level 1.8 Stealth
 * Level 3.8 Spellcasting
 * Level 0.1 Evocations


You couldn't memorise any spells.
You knew the following spells:

 Your Spells              Type           Power      Damage    Failure   Level
a - Freeze                Ice            64%        1d8       3%          1
b - Frozen Ramparts       Ice            32%        1d5       10%         3
c - Ozocubu's Armour      Ice            16%        N/A       10%         3
d - Hailstorm             Conj/Ice       16%        3d6       32%         4
e - Metabolic Englaciati  Hex/Ice        8%         N/A       67%         5
f - Magic Dart            Conj           64%        1d6       3%          1
Your spell library was empty.

Dungeon Overview and Level Annotations

Branches:
Dungeon (2/15)

Altars:


Innate Abilities, Weirdness & Mutations

You are immune to sickness and miasma.
You are immune to poison.
Your flesh is very heat resistant. (rF++)
You are vulnerable to cold. (rC-)
You float through the air rather than walking.
You learn spells naturally, not from books.
Your magical power is your life essence.
You have superior vitality. (+4 HP)


Message History

Aim: an adder zombie (severely damaged)
You freeze the adder zombie but do no damage.
The adder zombie completely resists. x2
The wall freezes the adder zombie but does no damage.
The adder zombie bites you but does no damage.
Casting: Freeze (safe; 3% risk of failure)
Confirm with . or Enter, or press ? or * to list all spells.
Aiming: Freeze (safe; 3% risk of failure)
Press: ? - help, Shift-Dir - straight line, f/p - adder zombie
Aim: an adder zombie (severely damaged)
You freeze the adder zombie but do no damage.
The adder zombie completely resists.
* * * LOW HITPOINT WARNING * * *
The adder zombie completely resists.
The wall freezes the adder zombie but does no damage.
The adder zombie bites you but does no damage.
Casting: Freeze (safe; 3% risk of failure)
Confirm with . or Enter, or press ? or * to list all spells.
Aiming: Freeze (safe; 3% risk of failure)
Press: ? - help, Shift-Dir - straight line, f/p - adder zombie
Aim: an adder zombie (severely damaged)
You freeze the adder zombie but do no damage.
The adder zombie completely resists.
* * * LOW HITPOINT WARNING * * *
The frozen ramparts melt away.
The adder zombie bites you but does no damage.
Casting: Freeze (safe; 3% risk of failure)
Confirm with . or Enter, or press ? or * to list all spells.
Aiming: Freeze (safe; 3% risk of failure)
Press: ? - help, Shift-Dir - straight line, f/p - adder zombie
Aim: an adder zombie (severely damaged)
You freeze the adder zombie but do no damage.
The adder zombie completely resists.
* * * LOW HITPOINT WARNING * * *
The adder zombie misses you. The adder zombie bites you.
* * * LOW HITPOINT WARNING * * *
There is a stone staircase leading up here.
The adder zombie bites you.
You die...

#...<...## #
#........ # .......
....§.. .....
####..§ ... ####
##§§ #†# ..# #P§ #
##.## #.# ###
#...#...####.######
#..........Z@...#
#...#...#†.....>#..#
##.###.##..........#
... ..###.....P.P..#
... ... #.......88##
..#.##. #.......PP#
# #. #.......###
#########


You could see an adder zombie.

Vanquished Creatures
  A dart slug (D:1)
  4 bats (D:1)
  6 endoplasms (D:1)
  A giant cockroach (D:1)
  3 goblins (D:1)
  3 hobgoblins
  2 quokkas (D:1)
  A ball python (D:1)
  A ball python skeleton (D:2)
  A kobold (D:1)
  3 rats (D:1)
26 creatures vanquished.

Vanquished Creatures (others)
  A withered plant (D:2)
1 creature vanquished.

Grand Total: 27 creatures vanquished

Notes
Turn   | Place    | Note
-------+----------+-------------------------------------------
     0 | D:1      | Zdeegee the Djinni Ice Elementalist began the quest for the
                  | Orb.
     0 | D:1      | Reached XP level 1. HP: 15/15 MP: 0/0
   466 | D:1      | Reached XP level 2. HP: 20/21 MP: 0/0
  1470 | D:1      | Reached XP level 3. HP: 22/25 MP: 0/0
  1470 | D:1      | Learned a level 1 spell: Magic Dart
  1538 | D:1      | Found a faded altar of an unknown god.
  2310 | D:2      | Slain by an adder zombie

Illustrated notes

Levels and vault maps discovered:
D:1:      dpeg_arrival_tiny_a, layout_rooms,
          shapermc_ecumenical_altar_notcrosses, minmay_misc_feat_tiny,
          minmay_pentomino_o4
D:2:      layout_loops_cross, serial_undead, serial_undead_d, serial_undead_d,
          serial_undead_d, serial_undead_e, serial_undead_e, serial_undead_e,
          serial_undead_a, serial_undead_b

Action                   || total
-------------------------++-------
Melee: Unarmed           ||     4
       Short sword       ||    22
 Cast: Freeze            ||    46
       Frozen Ramparts   ||     1
 Stab: Sleeping          ||     1
Armor: Robe              ||    16
Dodge: Dodged            ||    42

Table legend: (Time is in decaauts)
 A = Elapsed time spent in this place.
 B = Non-inter-level travel time spent in this place.
 C = Inter-level travel time spent in this place.
 D = Time resting spent in this place.
 E = Time spent auto-exploring this place.
 F = Levels seen in this place.
 G = Mean time per level.
                   A        B        C        D        E       F      G
               +--------+--------+--------+--------+--------+-----+--------+
         Total |   2313 |   2256 |     57 |    975 |   1026 |   2 | 1156.5 |
       Dungeon |   2313 |   2256 |     57 |    975 |   1026 |   2 | 1156.5 |
               +--------+--------+--------+--------+--------+-----+--------+

Top non-repeatable levels by time:
     D:1: 2230 daAuts
     D:2: 83 daAuts
